 Dungeon Crawl Stone Soup version 0.31-a0-1576-ga3383bade6 (webtiles) character file.

Game seed: 8386517734776086692

152 wildpjah the Changeling (level 5, 0/38 HPs)
             Began as a Merfolk Shapeshifter on Jan 4, 2024.
             Slain by an orc wizard
             ... wielding a +0 dagger
              (3 damage)
             ... on level 3 of the Dungeon.
             The game lasted 00:05:43 (2725 turns).

wildpjah the Changeling (Merfolk Shapeshifter)      Turns: 2725, Time: 00:05:43

Health: 0/38       AC:  6    Str: 11 (14) XL:     5   Next: 34%
Magic:  5/5        EV: 13    Int:  9 (10) God:
Gold:   91         SH:  0    Dex: 14 (15) Spells: 4/4 levels left

rFire   . . .        v - +0 short sword
rCold   . . .        (no shield)
rNeg    . . .        s - +0 leather armour {Will+}
rPois   .            m - +1 helmet
rElec   .            e - +0 cloak
rCorr   .            (no gloves)
SInv    .            (no boots)
Will    +....        (no amulet)
Stlth   +            (no ring)
HPRegen 0.26/turn    (no ring)
MPRegen 0.09/turn

%: no passive effects
@: mighty, brilliant
A: (nimble swimmer 2), mertail
a: no special abilities


You were on level 3 of the Dungeon.
You visited 1 branch of the dungeon, and saw 3 of its levels.

You collected 201 gold pieces.
You spent 110 gold pieces at shops.

Inventory:

Hand Weapons
 g - a +0 dagger
 v - a +0 short sword (weapon)
Armour
 a - a +0 animal skin
 e - a +0 cloak (worn)
 l - a +0 hat
 m - a +1 helmet (worn)
 n - a +0 leather armour
 s - a +0 leather armour of willpower (worn)
Talismans
 c - a beast talisman
Wands
 t - a wand of charming (7) (quivered)
Scrolls
 d - 4 scrolls of identify {unknown}
 h - a scroll of teleportation {unknown}
 i - a scroll of enchant weapon {unknown}
 o - a scroll of fear {unknown}
 q - 3 scrolls of enchant armour {unknown}
 r - a scroll of poison {unknown}
 u - a scroll of immolation {unknown}
Potions
 b - a potion of lignification
 p - 2 potions of berserk rage {unknown}
 x - a potion of invisibility {unknown}
 z - a potion of ambrosia {unknown}


   Skills:
 + Level 1.8 Fighting
 + Level 2.9 Short Blades
 + Level 1.1 Armour
 + Level 3.9 Dodging
 + Level 0.8 Stealth
 + Level 3.5 Unarmed Combat
 + Level 0.2 Evocations
 + Level 4.7 Shapeshifting


You had 4 spell levels left.
You didn't know any spells.
Your spell library was empty.

Dungeon Overview and Level Annotations

Branches:
Dungeon (3/15)

Altars:

Shops:
D:2 [


Innate Abilities, Weirdness & Mutations

((You are very nimble when in or above water. (Stealth+, EV+, Speed+++)))
Your lower body shifts to a powerful aquatic tail in water.


Message History

The goblin is charmed.
Your goblin unwields a +1 sling of flaming.
It stops flaming.
Your goblin wields a +0 club.
Your goblin barely misses something.
No other quiver actions available for cycling.
No other quiver actions available for cycling.
It was a potion of degeneration.
There was something very wrong with that liquid.
You feel weakened.
You feel dopey.
You feel clumsy.
It was a potion of brilliance.
You feel clever all of a sudden. Something hits you but does no damage.
Your goblin closely misses something.
It was a potion of might.
You feel very mighty all of a sudden. Something hits you but does no damage.
Your goblin hits something with a +0 club.
You miss something. Something hits you.
* * * LOW HITPOINT WARNING * * *
Your goblin barely misses something.
You closely miss something. Something barely misses you.
You barely miss something.
Your goblin closely misses something.
Something barely misses you.
You puncture something!
Your goblin barely misses something.
You hear some strange, mumbled words.
A puff of flame appears from out of thin air!
The puff of flame hits you.
* * * LOW HITPOINT WARNING * * *
You miss something.
Your goblin barely misses something.
Something hits you.
* * * LOW HITPOINT WARNING * * *
You completely miss something.
Your goblin hits something with a +0 club.
You hear some strange, mumbled words.
A puff of flame appears from out of thin air!
The puff of flame hits you.
* * * LOW HITPOINT WARNING * * *
It was a potion of magic.
Magic courses through your body.
Your goblin hits something but does no damage.
Something hits you.
You die...

##### ## #...# ..# .#
#...# ..# ..# .####...#
#.# #..# ........# #.#
...# .####...# #.# ...#
## ## #...# #.##...#... #
#...###########..........
#
#...........@{g).........
#
#...############.........
# #...# #.....<... #
#...# #......... #####
#...o..... .o.)......
....).....> o...........
.............


You could see a friendly goblin (charmed).

Vanquished Creatures
  An orc wizard (D:3)
  2 adders
  2 dart slugs
  A ribbon worm (D:3)
  5 orcs (D:3)
  3 endoplasms
  4 giant cockroaches
  7 hobgoblins
  4 jackals
  4 quokkas
  7 ball pythons
  6 bats
  2 frilled lizards
  6 goblins
  4 kobolds
  8 rats
66 creatures vanquished.

Vanquished Creatures (collateral kills)
  An orc priest (D:3)
  A ball python (D:3)
2 creatures vanquished.

Grand Total: 68 creatures vanquished

Notes
Turn   | Place    | Note
-------+----------+-------------------------------------------
     0 | D:1      | wildpjah the Merfolk Shapeshifter began the quest for the
                  | Orb.
     0 | D:1      | Reached XP level 1. HP: 15/15 MP: 1/1
   156 | D:1      | Reached XP level 2. HP: 21/21 MP: 2/2
   962 | D:1      | Reached XP level 3. HP: 22/26 MP: 3/3
  1069 | D:1      | Reached skill level 1 in Short Blades
  1563 | D:2      | Found a faded altar of an unknown god.
  1710 | D:2      | Found Sakhlu's Antique Armour Boutique.
  1714 | D:2      | Bought a glowing leather armour for 110 gold pieces
  2157 | D:3      | Reached XP level 4. HP: 32/32 MP: 4/4
  2494 | D:3      | Reached skill level 1 in Armour
  2611 | D:3      | Reached XP level 5. HP: 38/38 MP: 5/5
  2725 | D:3      | Slain by an orc wizard

Illustrated notes

Levels and vault maps discovered:
D:1:      dpeg_arrival_chambers_temple_mockup, layout_loops_corners
D:2:      layout_loops_ring, serial_shops, shop, chequers_ecumenical_altar_lobes
D:3:      minmay_chambers_of_threes, layout_basic, led_sif_pool,
          mainiacjoe_overflow_small_starburst, minmay_crystal_room,
          corexii_shack, uniq_jessica

Skill      XL: |  1  2  3  4 |
---------------+-------------+-----
Dodging        | 3 |  3.9
Short Blades   | 1 2 |  2.9
Armour         | 1 |  1.1
Fighting       | |  1.8
Stealth        | |  0.8
Unarmed Combat | |  3.5
Evocations     | |  0.2
Shapeshifting  | |  4.7

Action                     |  1- 3 |  4- 6 || total
---------------------------+-------+-------++-------
  Melee: Dagger            |   161 |       ||   161
         Unarmed           |     3 |       ||     3
         Punch             |     4 |       ||     4
         Short sword       |    35 |   138 ||   173
  Evoke: Wand              |       |     2 ||     2
    Use: Potion            |       |     4 ||     4
   Stab: Sleeping          |     1 |       ||     1
 Armour: Animal skin       |    31 |       ||    31
         Leather armour    |    52 |    81 ||   133
  Dodge: Dodged            |   130 |    80 ||   210
         Form:             |     1 |       ||     1
         Beast             |     1 |       ||     1

Table legend: (Time is in decaauts)
 A = Elapsed time spent in this place.
 B = Non-inter-level travel time spent in this place.
 C = Inter-level travel time spent in this place.
 D = Time resting spent in this place.
 E = Time spent auto-exploring this place.
 F = Levels seen in this place.
 G = Mean time per level.
                   A        B        C        D        E       F      G
               +--------+--------+--------+--------+--------+-----+--------+
         Total |   2701 |   2572 |    129 |      0 |   1958 |   3 |  900.3 |
       Dungeon |   2701 |   2572 |    129 |      0 |   1958 |   3 |  900.3 |
               +--------+--------+--------+--------+--------+-----+--------+

Top non-repeatable levels by time:
     D:1: 1313 daAuts
     D:2: 807 daAuts
     D:3: 580 daAuts
